 Dungeon Crawl Stone Soup version 0.19-a0-957-gf4ea323 (webtiles) character file.

1166 Aquadorian the Basher (level 8, -6/69 HPs)
             Began as a Gargoyle Fighter on July 10, 2016.
             Was a Believer of Trog.
             Mangled by an ogre
             ... wielding a +0 giant club
              (10 damage)
             ... on level 6 of the Dungeon.
             The game lasted 00:26:31 (5109 turns).

Aquadorian the Basher (Gargoyle Fighter)            Turns: 5109, Time: 00:26:34

Health: -6/69      AC: 24    Str: 21    XL:     8   Next: 40%
Magic:  8/8        EV:  2    Int:  8    God:    Trog [**....]
Gold:   292        SH:  0    Dex: 11    Spells: 0 memorised, 7 levels left

rFire  . . .     SeeInvis .     a - +0 flail
rCold  . . .     Gourm    .     (armour currently unavailable)
rNeg   + + +     Faith    .     c - +0 shield
rPois  ∞         Spirit   .     (helmet currently unavailable)
rElec  .         Dismiss  .     (cloak currently unavailable)
rCorr  .         Reflect  .     (gloves currently unavailable)
SustAt .         Harm     .     (boots currently unavailable)
MR     .....     NoTele   +     (no amulet)
Stlth  +.........               (no ring)
                                (no ring)

@: confused, tree-form, not resistant to hostile enchantments, very unstealthy
A: negative energy resistance 1, (electricity resistance), (unbreathing),
petrification resistance, rot immunity, AC +5
a: Berserk, Trog's Hand, Burn Spellbooks, Renounce Religion


You were on level 6 of the Dungeon.
You worshipped Trog.
Trog was pleased with you.
You were not hungry.
You were a tree.
You visited 1 branch of the dungeon, and saw 6 of its levels.

You collected 292 gold pieces.

Inventory:

Hand Weapons
 a - a +0 flail (weapon)
Missiles
 t - 2 curare-tipped needles
Armour
 b - a +0 scale mail
 c - a +0 shield (worn)
 u - a +0 plate armour (melded)
 C - a +0 cloak (melded)
Jewellery
 B - an uncursed ring of fire
Wands
 y - a wand of paralysis (11/24)
Scrolls
 e - 2 scrolls of enchant weapon {unknown}
 k - 2 scrolls of fog {unknown}
 l - 5 scrolls of remove curse {unknown}
 m - 3 scrolls of identify {unknown}
 n - 2 scrolls of teleportation {unknown}
 p - a scroll of enchant armour {unknown}
 A - a scroll of blinking {unknown}
 E - a scroll of recharging {unknown}
Potions
 d - a potion of beneficial mutation {unknown}
 g - a potion of degeneration {unknown}
 i - 2 potions of lignification
 j - 2 potions of flight {unknown}
 o - 2 potions of heal wounds {unknown}
 v - a potion of cancellation {unknown}
 x - a potion of invisibility {unknown}
 z - a potion of haste {unknown}
 D - a potion of resistance {unknown}
Comestibles
 f - 5 bread rations
 h - a royal jelly
 q - 8 fruits
 r - 2 chunks of flesh
 s - a beef jerky
 w - a meat ration


   Skills:
 - Level 3.2 Fighting
 + Level 9.9 Maces & Flails
 - Level 3.2 Armour
 - Level 3.2 Shields


You had 7 spell levels left.
You didn't know any spells.

Dungeon Overview and Level Annotations

Branches:
Dungeon (6/15)             Temple (0/1) D:6

Altars:
Ashenzari
Qazlal
Sif Muna
Trog

Shops:
D:6 *


Innate Abilities, Weirdness & Mutations

You are resistant to torment.
((Your stone body is resilient. (AC +5)))
You are immune to poison.
You resist negative energy. (rN+)
((You are resistant to electric shocks. (rElec)))
((You can survive without breathing.))
You are immune to petrification.
You are immune to rotting.


Message History

The orc hits you.
* * * LOW HITPOINT WARNING * * *
The orc hits you but does no damage. The ogre hits you with a giant club.
* * * LOW HITPOINT WARNING * * *
Some of the chunks of flesh in your inventory have rotted away.
It was a potion of lignification.
You turn into a tree.
Your +0 cloak melds into your body.
Your +0 plate armour melds into your body.
Your roots penetrate the ground.
The orc hits you but does no damage.
The orc wizard hits you but does no damage.
The orc hits you but does no damage. The ogre hits you but does no damage.
You cannot move. (Use ctrl+direction to attack without moving.)
You cannot move. (Use ctrl+direction to attack without moving.)
You hit the orc wizard.
The orc wizard is almost dead.
The orc hits you but does no damage. The orc wizard casts a spell at you.
You are more confused.
The orc barely misses you. The ogre hits you with a giant club!
You die...

.................. #...
###.#...#.####.#...##
#.## #.#...#.### ..
...# #### #.#...#.#..
...# #.#...#.#.# ...#
#.#...#.#.# ...
#.......#.# ###S######
######.##.###.Oo......
.(...#.##.....♣o#
#............#.#oo.....
#..##.#.####.#.####.#..
#.#.# #.#.# # # #.#
#.#.. #.# #.### .#. #.#
# # #.. ###


You could see an ogre, an orc wizard, 3 orcs and a ball python.

Vanquished Creatures
  Sigmund (D:2)
  An orc warrior (D:4)
  2 ogres
  A centaur (D:6)
  A crimson imp (D:5)
  3 hounds
  A jelly (D:6)
  Crazy Yiuf (D:5)
  2 orc wizards
  3 orc priests
  An iguana (D:5)
  Natasha (twice) (D:2)
  2 worker ants
  7 adders
  4 gnolls (D:3)
  An ooze (D:2)
  2 adder skeletons
  3 worms
  5 giant geckos
  13 orcs
  2 ball pythons
  4 giant cockroaches
  4 goblins
  3 hobgoblins
  6 jackals
  A quokka (D:6)
  3 bats
  2 giant gecko skeletons
  A giant gecko zombie (D:5)
  3 giant newts
  9 kobolds
  A quokka zombie (D:5)
  4 rats
99 creatures vanquished.

Vanquished Creatures (others)
  A fungus (D:5)
1 creature vanquished.

Grand Total: 100 creatures vanquished

Notes
Turn   | Place    | Note
-------+----------+-------------------------------------------
     0 | D:1      | Aquadorian the Gargoyle Fighter began the quest for the Orb.
     0 | D:1      | Reached XP level 1. HP: 14/14 MP: 1/1
   552 | D:1      | Reached XP level 2. HP: 19/19 MP: 2/2
   937 | D:2      | Reached skill level 3 in Maces & Flails
  1014 | D:2      | Reached XP level 3. HP: 18/23 MP: 3/3
  1137 | D:2      | Found a stormy altar of Qazlal.
  1242 | D:2      | Noticed Natasha
  1251 | D:2      | Killed Natasha
  1251 | D:2      | Reached skill level 4 in Maces & Flails
  1251 | D:2      | Reached XP level 4. HP: 5/28 MP: 4/4
  1600 | D:2      | Noticed Sigmund
  1620 | D:2      | Killed Sigmund
  1620 | D:2      | Reached skill level 6 in Maces & Flails
  1620 | D:2      | Reached XP level 5. HP: 6/32 MP: 5/5
  1620 | D:2      | Reached XP level 6. HP: 7/37 MP: 6/6
  2078 | D:2      | Noticed Natasha
  2085 | D:2      | Killed Natasha
  2115 | D:3      | Found a bloodstained altar of Trog.
  2118 | D:3      | Became a worshipper of Trog the Wrathful
  2266 | D:3      | Reached skill level 7 in Maces & Flails
  2666 | D:4      | Reached * piety under Trog
  2674 | D:4      | Reached XP level 7. HP: 38/41 MP: 7/7
  2976 | D:4      | Found a deep blue altar of Sif Muna.
  3129 | D:4      | Reached skill level 8 in Maces & Flails
  3344 | D:5      | Entered Level 5 of the Dungeon
  4137 | D:5      | Found a runed door.
  4379 | D:5      | Reached skill level 9 in Maces & Flails
  4381 | D:5      | Reached XP level 8. HP: 35/46 MP: 8/8
  4474 | D:5      | Noticed Crazy Yiuf
  4483 | D:5      | Killed Crazy Yiuf
  4530 | D:6      | Found a staircase to the Ecumenical Temple.
  4589 | D:6      | Found a shattered altar of Ashenzari.
  4631 | D:6      | Reached ** piety under Trog
  4909 | D:6      | Found Elilutyk's General Store.
  5109 | D:6      | Mangled by an ogre

Vault maps used:
D:1:      ncdulo_smallfort
D:2:      lemuel_coloured_pillars_altar, uniq_sigmund, uniq_natasha
D:3:      overflow_temple_1_default
D:4:      lemuel_blue_sif_altar, grunt_decor_arrowhead
D:5:      first_bread, minmay_misc_feat_doors, uniq_crazy_yiuf_cottage
D:6:      evilmike_ruin_ashenzari, serial_shops, shop, st_stairs_2

Skill      XL: |  1  2  3  4  5  6  7 |
---------------+----------------------+-----
Maces & Flails | 3 4 6 7 9 |  9.9
Fighting       | |  3.2
Armour         | |  3.2
Shields        | |  3.2

Action                   |  1- 3 |  4- 6 |  7- 9 || total
-------------------------+-------+-------+-------++-------
Melee: Flail             |   103 |   120 |   252 ||   475
Invok: Berserk           |       |       |     1 ||     1
  Use: Potion            |       |     1 |     2 ||     3
  Eat: Chunk             |     1 |     5 |     9 ||    15
Armor: Scale mail        |    61 |     7 |       ||    68
       Plate armour      |       |    71 |   162 ||   233
       Skin              |       |       |     5 ||     5
Dodge: Dodged            |    32 |    15 |    28 ||    75
Block: Shield            |    63 |    75 |   122 ||   260
